 Dungeon Crawl Stone Soup version 0.14-a0-30-gf0b6e91 (webtiles) character file.

28942 PolkaDot the Cloud Mage (level 13, -23/61 HPs)
             Began as a Vampire Wizard on Sept 26, 2013.
             Was the Champion of Sif Muna.
             Killed from afar by a dragon (28 damage)
             ... with a blast of flame
             ... on Level 4 of the Lair of Beasts.
             The game lasted 02:41:51 (27200 turns).

PolkaDot the Cloud Mage (Vampire Wizard)           Turns: 27200, Time: 02:41:52

HP -23/61        AC  9     Str  7      XL: 13   Next:  8%
MP  31/36        EV 13     Int 26      God: Sif Muna [******]
Gold 690         SH  0     Dex 12      Spells:  8 memorised,  1 level left

Res.Fire  : + . .   See Invis. : +   C - staff of conjuration
Res.Cold  : x . .   Warding    : .   w - +1 robe {rF+}
Life Prot.: . . .   Conserve   : .   (no shield)
Res.Poison: +       Res.Corr.  : .   b - +2 wizard hat
Res.Elec. : .       Clarity    : .   u - +0 cloak
Sust.Abil.: + .     Spirit.Shd : .   g - +0 pair of dwarf gloves
Res.Mut.  : +       Stasis     : .   p - +1 pair of boots
Res.Rott. : .       Flight     : .   x - amulet of resist mutation
Saprovore : . . .                    M - ring "Waumur" {SustAb +Blink rPois rC- Str y - ring of magical power

@: regenerating quickly, quite resistant to hostile enchantments, stealthy
A: bottle blood, fangs 3, talons 1, see invisible, -20% hp, magic resistance 1,
wild magic 1, unbreathing
a: Bottle Blood, Channel Energy, Forget Spell, Renounce Religion, Evoke Blink


You were on level 4 of the Lair of Beasts.
You worshipped Sif Muna.
Sif Muna was exalted by your worship.
You were very full.

You visited 3 branches of the dungeon, and saw 18 of its levels.
You also visited: Sewer.

You collected 1085 gold pieces.
You spent 415 gold pieces at shops.

Inventory:

Armour
 b - a +2 wizard hat (worn)
 g - a +0 pair of dwarven gloves (worn)
 p - a +1 pair of boots (worn)
 u - a +0 cloak (worn)
 w - a +1 robe of fire resistance (worn)
Magical devices
 k - a wand of hasting (2) {unknown}
Scrolls
 a - 4 scrolls of fear
 c - 2 scrolls of recharging
 d - 2 scrolls of remove curse
 e - a scroll of enchant armour
 h - a scroll of amnesia
 j - a scroll of curse jewellery {unknown}
 q - 3 scrolls of teleportation
 I - 5 scrolls of identify
 N - 3 scrolls of fog
Jewellery
 x - an amulet of resist mutation (around neck)
 y - a ring of magical power (left hand)
 M - the ring "Waumur" (right hand) {SustAb +Blink rPois rC- Str-1 Int+4 SInv}
   (You found it on level 11 of the Dungeon)

   [ring of sustain abilities]

   It affects your strength (-1).
   It affects your intelligence (+4).
   It makes you vulnerable to cold.
   It protects you from poison.
   It enhances your eyesight.
   It lets you blink.
Potions
 f - 2 potions of curing
 l - a potion of invisibility
 z - 11 potions of blood
Books
 i - a book of Annihilations {highlevel}

   This book is beyond your current level of understanding.

   Spells                             Type                      Level
   Poison Arrow                       Conjuration/Poison           6
   Orb of Destruction                 Conjuration                  7
   Chain Lightning                    Conjuration/Air              8
   Lehudib's Crystal Spear            Conjuration/Earth            8
   Ice Storm                          Conjuration/Ice              9
   Fire Storm                         Conjuration/Fire             9
Magical staves
 C - an uncursed staff of conjuration (weapon)


   Skills:
 + Level 4.2 Dodging
 - Level 3.0 Stealth
 + Level 6.1 Spellcasting
 + Level 7.8 Conjurations
 - Level 5.1 Charms
   Level 1.0 Summonings
 - Level 0.7 Translocations
 * Level 8.5 Fire Magic
 - Level 13.6 Air Magic
 - Level 5.3 Invocations


You had one spell level left.
You knew the following spells:

 Your Spells              Type           Power        Failure   Level  Hunger
a - Magic Dart            Conj           ####         2%          1    None
d - Conjure Ball Lightni  Conj/Air       #######...   26%         6    ######.
e - Apportation           Tloc           ###.......   13%         1    None
q - Blink                 Tloc           N/A          19%         2    None
s - Fireball              Conj/Fire      #######...   19%         5    ####...
w - Repel Missiles        Chrm/Air       ######....   1%          2    None
x - Mephitic Cloud        Conj/Pois/Air  #######.     4%          3    #......
z - Conjure Flame         Conj/Fire      #######.     3%          3    #......


Dungeon Overview and Level Annotations

Branches:
Dungeon (13/27)            Temple (1/1) D:4             Orc (0/4) D:9
   Lair (4/8) D:13         Shoals (0/5) Lair:3
  Swamp: Lair:3-6     Snake: Lair:3-6    Spider: Lair:3-6

Altars:
Ashenzari
Cheibriados
Elyvilon
Fedhas
Kikubaaqudgha
Makhleb
Nemelex Xobeh
Okawaru
Sif Muna
Trog
Vehumet
Xom
Yredelemnul
Zin
the Shining One

Shops:
D:6 =[   D:10 %   D:13 [


Innate Abilities, Weirdness & Mutations

Your natural rate of healing is unusually fast.
You can bottle blood from corpses.
You have razor-sharp teeth.*
You have supernaturally acute eyesight.
You can survive without breathing.*
You have sharp toenails.*
You are very frail (-20% HP).
You are resistant to hostile enchantments.+ Your spells are a little harder to cast, but a little more powerful.+


Message History

Your ball lightning explodes!
The blast of lightning engulfs the dragon.
The dragon is heavily wounded.
The blast of lightning engulfs your ball lightning.
Your ball lightning completely resists.
The blast of lightning engulfs your ball lightning.
Your ball lightning completely resists.
The blast of lightning engulfs you!
Ouch! That really hurt!
Your ball lightning explodes!
The blast of lightning engulfs you!
* * * LOW HITPOINT WARNING * * *
The blast of lightning engulfs your ball lightning.
Your ball lightning completely resists.
The blast of lightning engulfs the dragon.
The dragon is severely wounded.
The dragon breathes fire at you. The blast of flame hits you! You resist.
One of your 6 scrolls of identify catches fire!
You die...

######.## ###P.....
#.#####........
#....###....... ####.#
###..... ≈≈##### ##.#
#..... ≈≈≈%...#### #..#
#..>.. ≈≈≈.......##
######.## #.....
≈≈≈........#####.**...#
#f#.##
≈≈≈≈.........D..@######
#####
≈≈≈{.........#####
..≈≈≈...(..###
...≈≈{....##
..≈≈≈≈..### #≈≈≈####
###


You could see a dragon and 2 friendly ball lightnings.

Vanquished Creatures
  3 hydras
  A skeletal warrior (D:13)
  An unseen horror (D:10)
  Erolcha (D:10)
  2 hill giants
  A cyclops (D:13)
  A feature mimic (Lair:3)
  A black mamba (Lair:4)
  3 spiny frogs
  4 wandering mushrooms (D:11)
  A komodo dragon (Lair:3)
  A troll (D:13)
  A two-headed ogre (D:13)
  A hydra zombie (D:13)
  3 ugly things (D:13)
  8 blink frogs
  44 yaks
  A griffon skeleton (D:12)
  A shadow (D:9)
  A wyvern (D:10)
  2 elephant slugs (Lair:4)
  Eustachio (D:4)
  A steam dragon (D:7)
  6 hippogriffs
  2 hungry ghosts
  9 wolves (Lair:4)
  Edmund (D:7)
  A manticore (D:9)
  A necrophage (D:10)
  5 porcupines
  5 sky beasts
  3 ice beasts
  2 black bears
  3 orc warriors
  2 phantoms
  2 centaurs (D:12)
  5 ogres
  6 crocodiles
  16 giant frogs
  3 wargs
  A big kobold (D:9)
  4 giant slugs
  4 agate snails
  A cyclops zombie (D:13)
  5 water moccasins
  2 oklob saplings (D:11)
  12 killer bees (D:12)
  A troll skeleton (D:9)
  3 goliath beetles
  An electric eel (Lair:4)
  7 crimson imps
  A giant frog skeleton (D:5)
  A siren (Sewer)
  8 orc priests
  A basilisk skeleton (D:9)
  3 jellies
  8 iguanas
  8 orc wizards
  2 quasits
  10 hounds
  2 mermaids (Sewer)
  4 scorpions
  8 worker ants
  A killer bee zombie (D:13)
  12 sheep
  An ogre zombie (D:7)
  A big kobold skeleton (D:11)
  4 gnolls (D:5)
  6 green rats
  18 adders
  3 giant centipedes
  A worm zombie (D:5)
  4 giant mites
  9 worms
  2 adder skeletons
  5 giant eyeballs
  9 giant geckos
  38 orcs
  22 bats
  9 giant cockroaches
  11 grey rats (Sewer)
  19 hobgoblins
  37 jackals
  10 quokkas
  10 ball pythons
  8 giant newts
  A giant newt skeleton (D:5)
  2 giant spores
  5 goblins
  A hobgoblin zombie (D:5)
  17 kobolds
  An orc skeleton (D:5)
  30 rats
  A ballistomycete (D:10)
  2 fungi (Lair:4)
  A plant (Lair:2)
554 creatures vanquished.

Vanquished Creatures (others)
  2 ball lightnings (Lair:4)
  An orc (D:9)
  A fungus (Lair:1)
  3 plants
7 creatures vanquished.

Grand Total: 561 creatures vanquished

Notes
Turn   | Place    | Note
--------------------------------------------------------------
     0 | D:1      | PolkaDot, the Vampire Wizard, began the quest for the Orb.
     0 | D:1      | Reached XP level 1. HP: 11/11 MP: 6/6
    91 | D:1      | Reached skill level 1 in Conjurations
   426 | D:1      | Reached XP level 2. HP: 12/17 MP: 2/8
  1466 | D:2      | Reached XP level 3. HP: 22/22 MP: 5/10
  1563 | D:2      | Gained mutation: You are frail (-10% HP). [potion of mutation]
  1563 | D:2      | Gained mutation: Your spells are a little harder to cast, but a little more powerful. [potion of mutation]
  1563 | D:2      | Gained mutation: You are very frail (-20% HP). [potion of mutation]
  2427 | D:3      | Reached XP level 4. HP: 22/22 MP: 10/12
  2452 | D:3      | Paralysed by a giant eyeball for 3 turns
  2462 | D:3      | Paralysed by a giant eyeball for 3 turns
  3120 | D:3      | Reached XP level 5. HP: 23/26 MP: 8/14
  3329 | D:4      | Found a glowing drain.
  3352 | D:4      | Noticed an ogre
  3363 | Sewer    | Entered a sewer
  3406 | Sewer    | Learned a level 3 spell: Conjure Flame
  4143 | Sewer    | Reached skill level 1 in Fire Magic
  4296 | Sewer    | Reached skill level 4 in Conjurations
  4296 | Sewer    | Reached XP level 6. HP: 31/31 MP: 6/16
  5315 | D:5      | Entered Level 5 of the Dungeon
  5338 | D:5      | Learned a level 3 spell: Mephitic Cloud
  5352 | D:5      | Reached skill level 1 in Air Magic
  5735 | D:5      | Reached XP level 7. HP: 35/35 MP: 2/18
  6426 | D:5      | Reached skill level 5 in Conjurations
  6762 | D:4      | Noticed Eustachio
  6790 | D:5      | Killed an ogre
  7047 | D:4      | Killed Eustachio
  7231 | D:4      | Reached XP level 8. HP: 36/40 MP: 11/19
  7251 | D:4      | Noticed an ogre
  7257 | D:4      | Killed an ogre
  7305 | D:4      | Found a staircase to the Ecumenical Temple.
  7329 | Temple   | Entered the Ecumenical Temple
  7504 | Temple   | Became a worshipper of Sif Muna the Loreminder
  7559 | D:4      | Learned a level 2 spell: Repel Missiles
  7562 | D:4      | Learned a level 2 spell: Blink
  8150 | D:4      | Reached skill level 6 in Conjurations
  8631 | D:6      | Acquired Sif Muna's first power
  8733 | D:6      | Found Pusumu's Armour Shop.
  8737 | D:6      | Bought a +1 robe of fire resistance for 127 gold pieces
  8786 | D:6      | Paralysed by a giant eyeball for 2 turns
  8969 | D:6      | Found Yxtux's Jewellery Shop.
  8975 | D:6      | Bought an uncursed ring of magical power for 260 gold pieces
  8975 | D:6      | Bought a +1 ring of strength for 28 gold pieces
  9239 | D:6      | Reached skill level 5 in Air Magic
  9587 | D:7      | Paralysed by a giant eyeball for 4 turns
  9593 | D:7      | Paralysed by a giant eyeball for 2 turns
  9729 | D:7      | Reached XP level 9. HP: 44/44 MP: 20/20
  9848 | D:7      | Noticed Edmund
  9888 | D:7      | Killed Edmund
  9888 | D:7      | Acquired Sif Muna's second power
 10416 | D:8      | Reached skill level 5 in Fire Magic
 10813 | D:8      | Identified a scroll of acquirement
 11286 | D:9      | Reached skill level 7 in Conjurations
 11812 | D:9      | Found a staircase to the Orcish Mines.
 11952 | D:9      | Gained mutation: You have sharp toenails. [potion of mutation]
 11953 | D:9      | Gained mutation: You are resistant to hostile enchantments. [potion of beneficial mutation]
 11967 | D:9      | Learned a level 1 spell: Apportation
 12082 | D:9      | Reached skill level 8 in Air Magic
 12082 | D:9      | Reached XP level 10. HP: 36/48 MP: 4/21
 12488 | D:9      | Reached skill level 1 in Invocations
 12551 | D:9      | Acquired Sif Muna's third power
 13154 | D:10     | Entered Level 10 of the Dungeon
 13273 | D:10     | Noticed Erolcha
 13315 | D:10     | Killed Erolcha
 13315 | D:10     | Reached skill level 9 in Air Magic
 13605 | D:10     | Reached skill level 5 in Spellcasting
 13813 | D:10     | Reached skill level 10 in Air Magic
 14017 | D:10     | Noticed a hill giant
 14059 | D:10     | Killed a hill giant
 14467 | D:10     | Noticed an unseen horror
 14485 | D:10     | Killed an unseen horror
 14485 | D:10     | Reached XP level 11. HP: 52/52 MP: 15/25
 14751 | D:10     | Found Wamoxat's Food Shop.
 15098 | D:11     | Got a transparent lapis lazuli ring
 15101 | D:11     | Identified the ring "Waumur" {SustAb +Blink rPois rC- Str-1 Int+4 SInv} (You found it on level 11 of the Dungeon)
 15489 | D:11     | Reached skill level 11 in Air Magic
 15974 | D:11     | Found a blossoming altar of Fedhas.
 16084 | D:11     | Reached skill level 1 in Charms
 16159 | D:11     | Received a gift from Sif Muna
 16190 | D:11     | Identified Cleotz's Volume of Arcane Weapons and Weightlessness (Sif Muna gifted it to you on level 11 of the Dungeon)
 16197 | D:11     | Learned a level 5 spell: Fireball
 17140 | D:12     | Noticed a hill giant
 17149 | D:12     | Killed a hill giant
 18152 | D:13     | Found a staircase to the Lair.
 18311 | D:13     | Reached skill level 12 in Air Magic
 18751 | D:13     | Reached skill level 5 in Invocations
 18922 | D:13     | Noticed an eight-headed hydra
 18928 | D:13     | Killed an eight-headed hydra
 19032 | D:13     | Found Straif's Antique Armour Emporium.
 19046 | D:13     | Reached XP level 12. HP: 27/57 MP: 15/26
 20151 | D:13     | Received a gift from Sif Muna
 20169 | D:13     | HP: 1/57 [skeletal warrior/great mace (19)]
 20170 | Lair:1   | Entered Level 1 of the Lair of Beasts
 20170 | Lair:1   | Noticed a seven-headed hydra
 20859 | Lair:1   | Learned a level 6 spell: Conjure Ball Lightning
 21442 | Lair:1   | Killed a seven-headed hydra
 21442 | Lair:1   | Reached skill level 5 in Charms
 21721 | Lair:1   | Reached skill level 13 in Air Magic
 23445 | Lair:2   | Received a gift from Sif Muna
 23446 | Lair:2   | Identified Sif Muna's Incunabulum of Lightness (Sif Muna gifted it to you on level 2 of the Lair of Beasts)
 24488 | Lair:3   | Found a staircase to the Shoals.
 25048 | Lair:3   | Noticed a six-headed hydra
 25054 | Lair:3   | Killed a six-headed hydra
 25799 | Lair:4   | Reached XP level 13. HP: 50/61 MP: 9/27
 27177 | Lair:4   | Noticed a dragon
 27200 | Lair:4   | Killed from afar by a dragon

Action                   |  1- 3 |  4- 6 |  7- 9 | 10-12 | 13-15 || total
-------------------------+-------+-------+-------+-------+-------++-------
Melee: Unarmed           |     8 |       |       |       |       ||     8
       Short sword       |       |    10 |       |       |       ||    10
       Halberd           |       |    11 |   115 |       |       ||   126
       Staff             |       |       |     8 |    50 |     2 ||    60
 Cast: Magic Dart        |   107 |   182 |   483 |   897 |    93 ||  1762
       Conjure Flame     |       |    23 |    37 |   253 |    13 ||   326
       Mephitic Cloud    |       |       |    14 |    43 |     2 ||    59
       Blink             |       |       |       |    13 |       ||    13
       Fireball          |       |       |       |    49 |    14 ||    63
       Repel Missiles    |       |       |       |     1 |       ||     1
       Conjure Ball Ligh |       |       |       |       |     1 ||     1
Invok: Channel Energy    |       |       |       |   136 |       ||   136
 Abil: End Transformatio |       |     1 |       |     1 |       ||     2
       Bat Form          |       |     1 |       |     1 |       ||     2
       Bottle Blood      |       |       |       |    25 |     9 ||    34
Evoke: Wand              |       |       |       |     5 |       ||     5
  Use: Potion            |     5 |       |     2 |    23 |     9 ||    39
       Scroll            |       |    13 |    11 |    18 |     2 ||    44
 Stab: Invisible         |     1 |       |       |       |       ||     1
       Sleeping          |       |     1 |     4 |       |       ||     5
       Confused          |       |       |     2 |       |       ||     2
